 Dungeon Crawl Stone Soup version 0.26-a0-660-gc07710193c (webtiles) character file.

Game seed: 10227115266886340551

567 jiml777 the Grasshopper (level 7, -10/56 HPs)
             Began as a Gnoll Warper on Oct 5, 2020.
             Mangled by an ogre
             ... wielding a +0 giant club
              (15 damage)
             ... on level 5 of the Dungeon.
             The game lasted 00:12:13 (3222 turns).

jiml777 the Grasshopper (Gnoll Warper)              Turns: 3222, Time: 00:12:13

Health: -10/56     AC: 12    Str: 14    XL:     7   Next: 33%
Magic:  15/15      EV:  5    Int: 17    God:
Gold:   121        SH:  0    Dex: 14    Spells: 17/17 levels left

rFire    . . .     SeeInvis .   x - +2 long sword (holy)
rCold    . . .     Faith    .   (no shield)
rNeg     . . .     Spirit   .   E - +0 plate armour
rPois    .         Reflect  .   q - +0 helmet
rElec    .         Harm     .   (no cloak)
rCorr    .         Rampage  .   (no gloves)
MR       .....                  (no boots)
Stlth    ..........             (no amulet)
HPRegen  0.18/turn              (no ring)
MPRegen  0.14/turn              (no ring)

@: no status effects
A: distributed training, fangs 1, strong nose
a: no special abilities


You were on level 5 of the Dungeon.
You visited 1 branch of the dungeon, and saw 5 of its levels.

You collected 121 gold pieces.

Inventory:

Hand Weapons
 a - a +0 hand axe
 o - a +0 whip of electrocution
 x - a +2 long sword of holy wrath (weapon)
Missiles
 e - 5 boomerangs of dispersal (quivered)
 n - 23 arrows
 t - 23 sling bullets
 v - 52 bolts
 y - 4 boomerangs
Armour
 b - a +0 leather armour
 g - a +0 chain mail
 q - a +0 helmet (worn)
 u - a +2 robe of cold resistance
 E - a +0 plate armour (worn)
Jewellery
 m - an uncursed ring of ice
 H - an uncursed ring of fire
Wands
 D - a wand of flame (15)
Scrolls
 c - 2 scrolls of amnesia {unknown}
 d - 2 scrolls of blinking
 i - 5 scrolls of remove curse
 j - 2 scrolls of identify {unknown}
 r - 2 scrolls of teleportation {unknown}
 s - a scroll of enchant weapon {unknown}
 w - a scroll of fear {unknown}
 z - a scroll of noise {unknown}
 B - a scroll of magic mapping {unknown}
 G - a scroll of fog {unknown}
Potions
 f - 2 potions of heal wounds {unknown}
 h - 2 potions of haste {unknown}
 k - 4 potions of curing {unknown}
 l - 4 potions of mutation {unknown}
 p - 2 potions of degeneration {unknown}
 A - a potion of might {unknown}
 C - 2 potions of cancellation {unknown}
 F - a potion of flight {unknown}


   Skills:
 + Level 5.2 Fighting
 + Level 2.4 Short Blades
 + Level 2.4 Long Blades
 + Level 5.2 Axes
 + Level 2.4 Maces & Flails
 + Level 2.4 Polearms
 + Level 2.4 Staves
 + Level 2.4 Slings
 + Level 2.4 Bows
 + Level 2.4 Crossbows
 + Level 3.5 Throwing
 + Level 3.5 Armour
 + Level 5.2 Dodging
 + Level 2.4 Stealth
 + Level 2.4 Shields
 + Level 2.4 Unarmed Combat
 + Level 5.6 Spellcasting
 + Level 2.0 Conjurations
 + Level 2.0 Hexes
 + Level 2.0 Summonings
 + Level 2.0 Necromancy
 + Level 5.8 Translocations
 + Level 2.0 Transmutations
 + Level 2.0 Fire Magic
 + Level 2.0 Ice Magic
 + Level 2.0 Air Magic
 + Level 2.0 Earth Magic
 + Level 2.0 Poison Magic
 + Level 2.6 Invocations
 + Level 2.4 Evocations


You had 17 spell levels left.
You didn't know any spells.
Your spell library contained the following spells:

 Spells                   Type           Power        Failure   Level
 Blink                    Tloc           N/A          87%         2
 Gell's Gravitas          Tloc           ###.......   98%         3
 Lesser Beckoning         Tloc           ###.......   98%         3
 Teleport Other           Tloc           ###.....     98%         3
 Passage of Golubria      Tloc           N/A          100%        4


Dungeon Overview and Level Annotations

Branches:
Dungeon (5/15)
 Temple: D:4-7

Altars:
Vehumet


Innate Abilities, Weirdness & Mutations

Your experience applies equally to all skills.
You have very sharp teeth.
Your uncanny sense of smell can sniff out nearby items.


Message History

Found a stone staircase leading down.
You see here a quokka corpse.
You see here a worker ant corpse.
You feel sick.
You are no longer poisoned.
Found a stone staircase leading down.
An ogre comes into view. It is wielding a +0 giant club.
The ogre shouts!
Found a trident.
Your plate armour prevents you from hitting the ogre.
Your bite misses the ogre.
The ogre hits you with a +0 giant club!!
You hit the ogre. You bite the ogre.
The ogre is moderately wounded.
The ogre hits you with a +0 giant club!!
* * * LOW HITPOINT WARNING * * *
You hit the ogre. You punch the ogre.
The ogre is moderately wounded.
The ogre hits you with a +0 giant club!
You die...

...#####.†##.#.....>
#.#####..##.# .###.
#........##.. ##
#.######.####...# ∆
#.# #.<).....#
#.###########...#
#.#....... ..#
##.#.).....
#..@O......
#...........
.........#..... ∆
...####......... ..
#.#..>...# #
#.#......#
#.######## ..#


You could see an ogre.

Vanquished Creatures
  An ogre (D:4)
  Blork the orc (D:5)
  2 scorpions (D:4)
  A centaur zombie (D:5)
  Natasha (twice) (D:3)
  4 worker ants
  A hound skeleton (D:4)
  Robin (D:2)
  An adder (D:4)
  An ooze (D:2)
  An adder skeleton (D:4)
  A worm (D:2)
  A dart slug (D:1)
  A leopard gecko (D:2)
  5 orcs
  7 giant cockroaches
  18 goblins
  9 hobgoblins
  6 jackals
  6 kobolds
  4 quokkas
  2 ball pythons
  9 bats
  6 frilled lizards
  2 rats
93 creatures vanquished.

Notes
Turn   | Place    | Note
-------+----------+-------------------------------------------
     0 | D:1      | jiml777 the Gnoll Warper began the quest for the Orb.
     0 | D:1      | Reached XP level 1. HP: 20/20 MP: 6/6
   274 | D:1      | Reached XP level 2. HP: 26/26 MP: 7/7
   650 | D:1      | Reached XP level 3. HP: 22/31 MP: 9/9
   740 | D:1      | Reached skill level 5 in Spellcasting
   846 | D:2      | Noticed Robin
   879 | D:2      | Reached skill level 1 in Invocations
   903 | D:2      | Killed Robin
   903 | D:2      | Reached skill level 1 in Short Blades
   903 | D:2      | Reached skill level 1 in Long Blades
   903 | D:2      | Reached skill level 1 in Maces & Flails
   903 | D:2      | Reached skill level 1 in Polearms
   903 | D:2      | Reached skill level 1 in Staves
   903 | D:2      | Reached skill level 1 in Slings
   903 | D:2      | Reached skill level 1 in Bows
   903 | D:2      | Reached skill level 1 in Crossbows
   903 | D:2      | Reached skill level 1 in Stealth
   903 | D:2      | Reached skill level 1 in Shields
   903 | D:2      | Reached skill level 1 in Unarmed Combat
   903 | D:2      | Reached skill level 1 in Evocations
  1201 | D:2      | Reached XP level 4. HP: 35/38 MP: 11/11
  1281 | D:2      | Found a radiant altar of Vehumet.
  1933 | D:3      | Reached skill level 1 in Conjurations
  1933 | D:3      | Reached skill level 1 in Hexes
  1933 | D:3      | Reached skill level 1 in Summonings
  1933 | D:3      | Reached skill level 1 in Necromancy
  1933 | D:3      | Reached skill level 1 in Transmutations
  1933 | D:3      | Reached skill level 1 in Fire Magic
  1933 | D:3      | Reached skill level 1 in Ice Magic
  1933 | D:3      | Reached skill level 1 in Air Magic
  1933 | D:3      | Reached skill level 1 in Earth Magic
  1933 | D:3      | Reached skill level 1 in Poison Magic
  2212 | D:3      | Reached XP level 5. HP: 43/43 MP: 12/12
  2213 | D:3      | Noticed Natasha
  2219 | D:3      | Killed Natasha
  2347 | D:3      | Noticed Natasha
  2354 | D:3      | Killed Natasha
  2557 | D:4      | Reached XP level 6. HP: 44/50 MP: 13/13
  2894 | D:4      | Reached skill level 5 in Fighting
  2894 | D:4      | Reached skill level 5 in Axes
  2894 | D:4      | Reached skill level 5 in Dodging
  3091 | D:4      | Reached XP level 7. HP: 53/56 MP: 15/15
  3155 | D:5      | Entered Level 5 of the Dungeon
  3155 | D:5      | Noticed Blork the orc
  3165 | D:5      | Killed Blork the orc
  3222 | D:5      | Mangled by an ogre

Illustrated notes

Levels and vault maps discovered:
D:1:      minmay_arrival_wavy_path, layout_rooms, minmay_tromino_v2
D:2:      layout_basic, vehumet_crystals, uniq_robin
D:3:      layout_basic, minmay_misc_feat_cross, uniq_natasha
D:4:      layout_rooms
D:5:      layout_loops_cross, gammafunk_ghost_icy, minmay_divided_ellipse,
          uniq_sigmund, uniq_blork_the_orc, uniq_menkaure

Skill      XL: |  1  2  3  4  5  6  7 |
---------------+----------------------+-----
Spellcasting   | 5 |  5.6
Invocations    | 1 2 |  2.6
Short Blades   | 1 2 |  2.4
Long Blades    | 1 2 |  2.4
Maces & Flails | 1 2 |  2.4
Polearms       | 1 2 |  2.4
Staves         | 1 2 |  2.4
Slings         | 1 2 |  2.4
Bows           | 1 2 |  2.4
Crossbows      | 1 2 |  2.4
Stealth        | 1 2 |  2.4
Shields        | 1 2 |  2.4
Unarmed Combat | 1 2 |  2.4
Evocations     | 1 2 |  2.4
Conjurations   | 1 2 |  2.0
Hexes          | 1 2 |  2.0
Summonings     | 1 2 |  2.0
Necromancy     | 1 2 |  2.0
Transmutations | 1 2 |  2.0
Fire Magic     | 1 2 |  2.0
Ice Magic      | 1 2 |  2.0
Air Magic      | 1 2 |  2.0
Earth Magic    | 1 2 |  2.0
Poison Magic   | 1 2 |  2.0
Throwing       | 3 |  3.5
Armour         | 3 |  3.5
Fighting       | 5 |  5.2
Axes           | 5 |  5.2
Dodging        | 5 |  5.2
Translocations | |  5.8

Action                   |  1- 3 |  4- 6 |  7- 9 || total
-------------------------+-------+-------+-------++-------
Melee: Hand axe          |    57 |       |       ||    57
       Bite              |     7 |    15 |     2 ||    24
       Whip              |    79 |    42 |       ||   121
       Long sword        |       |   124 |    27 ||   151
       Punch             |       |     1 |     2 ||     3
Evoke: Wand              |       |       |     4 ||     4
  Use: Scroll            |       |     1 |       ||     1
Armor: Leather armour    |     3 |       |       ||     3
       Chain mail        |    67 |    57 |       ||   124
       Plate armour      |       |    87 |    15 ||   102
Dodge: Dodged            |    61 |    65 |     8 ||   134
       Rpst.: Long sword |       |    15 |     2 ||    17

Table legend: (Time is in decaauts)
 A = Elapsed time spent in this place.
 B = Non-inter-level travel time spent in this place.
 C = Inter-level travel time spent in this place.
 D = Time resting spent in this place.
 E = Time spent auto-exploring this place.
 F = Levels seen in this place.
 G = Mean time per level.
                   A        B        C        D        E       F      G
               +--------+--------+--------+--------+--------+-----+--------+
         Total |   3283 |   3178 |    105 |    559 |   1519 |   5 |  656.6 |
       Dungeon |   3283 |   3178 |    105 |    559 |   1519 |   5 |  656.6 |
               +--------+--------+--------+--------+--------+-----+--------+

Top non-repeatable levels by time:
     D:2: 965 daAuts
     D:1: 838 daAuts
     D:3: 744 daAuts
     D:4: 662 daAuts
     D:5: 73 daAuts
